 Dungeon Crawl Stone Soup version 0.23.2-1-ga50397a (webtiles) character file.

Game seed: 650718735056844888

112 IBeShadow the Insei (level 4, -1/29 HPs)
             Began as an Octopode Transmuter on May 23, 2019.
             Slain by a leopard gecko (5 damage)
             ... on level 3 of the Dungeon.
             The game lasted 00:02:34 (2037 turns).

IBeShadow the Insei (Octopode Transmuter)           Turns: 2037, Time: 00:02:35

Health: -1/29      AC:  1    Str:  9    XL:     4   Next: 93%
Magic:  7/7        EV: 13    Int: 16    God:
Gold:   119        SH:  0    Dex: 12    Spells: 4/7 levels left

rFire    . . .     SeeInvis .     - Unarmed
rCold    . . .     Gourm    .   (no shield)
rNeg     . . .     Faith    .   (helmet restricted)
rPois    .         Spirit   .   (no amulet)
rElec    .         Reflect  .   (no ring)
rCorr    .         Harm     .   (no ring)
MR       .....                  (no ring)
Stlth    ++........             (no ring)
HPRegen  0.09/turn              (no ring)
MPRegen  0.10/turn              (no ring)
                                (no ring)
                                (no ring)

@: flying
A: almost no armour, stealthy swim, amphibious, 8 rings, constrict 8, camouflage
1, gelatinous body 1
a: no special abilities


You were on level 3 of the Dungeon.
You were not hungry.

You visited 1 branch of the dungeon, and saw 3 of its levels.

You collected 119 gold pieces.

Inventory:

Missiles
 a - 26 arrows
Wands
 n - a wand of paralysis (1)
Scrolls
 b - 4 scrolls of teleportation {unknown}
 d - a scroll of enchant weapon
 f - a scroll of random uselessness
 g - a scroll of magic mapping {unknown}
 h - 3 scrolls of fear {unknown}
 i - 2 scrolls of fog {unknown}
 j - a scroll of remove curse {unknown}
 k - a scroll of blinking {unknown}
 l - a scroll of identify {unknown}
Potions
 e - a potion of flight
Comestibles
 c - 5 rations
 p - 2 chunks of flesh


   Skills:
 + Level 2.2 Fighting
 - Level 2.0 Dodging
 * Level 4.4 Unarmed Combat
 - Level 2.0 Spellcasting
 + Level 2.9 Transmutations


You had 4 spell levels left.
You knew the following spells:

 Your Spells              Type           Power        Failure   Level  Hunger
a - Beastly Appendage     Tmut           ##....       6%          1    #......
b - Sticks to Snakes      Tmut           ##......     10%         2    ###....

Your spell library contained the following spells:

 Spells                   Type           Power        Failure   Level  Hunger
 Spider Form              Tmut/Pois      #.........   34%         3    ###....
 Ice Form                 Ice/Tmut       #.......     75%         4    #####..
 Blade Hands              Tmut           ##........   86%         5    ######.


Dungeon Overview and Level Annotations

Branches:
Dungeon (3/15)

Altars:

Annotations:
D:3 1 runed translucent door, Crazy Yiuf, Sigmund


Innate Abilities, Weirdness & Mutations

You cannot wear most types of armour.
You are very stealthy in the water. (Stealth+)
You are amphibious.
You can wear up to eight rings at the same time.
You can use your tentacles to constrict eight enemies at once.
Your skin changes colour to match your surroundings (Stealth+).
Your rubbery body absorbs attacks. (AC +1, EV +1)


Message History

Okay, then.
It was a potion of flight.
You feel very buoyant.
You fly up into the air.
Something hits you. The leopard gecko bites you.
* * * LOW HITPOINT WARNING * * *
It was a potion of curing.
You feel better. The leopard gecko barely misses you. Something hits you!
* * * LOW HITPOINT WARNING * * *
The leopard gecko completely misses you.
You feel better.
The leopard gecko bites you but does no damage.
It was a potion of heal wounds.
You feel much better. Something hits you! The leopard gecko bites you.
Okay, then.
As you read the scroll labeled RUODUKIURA, it crumbles to dust.
The dust glows dark scarlet!
It was a scroll of random uselessness.
The leopard gecko bites you. Something hits you!
* * * LOW HITPOINT WARNING * * *
The goblin barely misses you. The leopard gecko bites you.
You die...

.....##..## #......
#...####..# ....... ##..##
##.#############....... #....#
#.......##............ ..#..##
#.))..........#†......
...#>.###.).....†#.....†.....)
##.##...##......##....#.......
##..#...##......#g..####...#.#
................@l............
...............###########.#..
...............# .# .
....###.######.# .
###.....######... ## # .
####.........####..###..
...>...........†.......#
######..######.###......
######..# #..........


You could see a leopard gecko and a goblin.

Vanquished Creatures
  Terence (D:3)
  An adder (D:2)
  2 dart slugs
  2 leopard geckos
  5 orcs (D:3)
  3 ball pythons
  3 bats
  A giant cockroach (D:1)
  6 goblins
  5 hobgoblins
  7 jackals
  2 quokkas
  7 frilled lizards
  11 kobolds
  7 rats
63 creatures vanquished.

Notes
Turn   | Place    | Note
-------+----------+-------------------------------------------
     0 | D:1      | IBeShadow the Octopode Transmuter began the quest for the
                  | Orb.
     0 | D:1      | Reached XP level 1. HP: 13/13 MP: 3/3
   151 | D:1      | Reached XP level 2. HP: 2/18 MP: 5/5
   798 | D:1      | Reached XP level 3. HP: 23/23 MP: 6/6
   946 | D:1      | Learned a level 2 spell: Sticks to Snakes
  1361 | D:2      | Reached skill level 4 in Unarmed Combat
  1361 | D:2      | Reached XP level 4. HP: 23/29 MP: 7/7
  1813 | D:3      | Noticed Terence
  1840 | D:3      | Killed Terence
  1929 | D:3      | Found a runed translucent door.
  1930 | D:3      | Noticed Crazy Yiuf
  2019 | D:3      | Noticed Sigmund
  2037 | D:3      | Slain by a leopard gecko

Skill      XL: |  1  2  3  4 |
---------------+-------------+-----
Unarmed Combat | 4 |  4.4
Fighting       | 2 |  2.2
Dodging        | |  2.0
Spellcasting   | |  2.0
Transmutations | |  2.9

Action                   |  1- 3 |  4- 6 || total
-------------------------+-------+-------++-------
Melee: Unarmed           |    88 |    54 ||   142
       Constrict         |    26 |    10 ||    36
       Tentacles         |    16 |     7 ||    23
       Punch             |     2 |     2 ||     4
Evoke: Wand              |       |     4 ||     4
  Use: Potion            |       |     4 ||     4
       Scroll            |       |     2 ||     2
 Stab: Sleeping          |     4 |     7 ||    11
       Paralysed         |       |    10 ||    10
  Eat: Chunk             |     1 |     3 ||     4
Armor: Skin              |     6 |     1 ||     7
Dodge: Dodged            |    67 |    32 ||    99
